Map: Year Zero LE

Players

Hooked - Winner!

  • Race: Protoss Protoss
  • Spawn Location: 11:00

Mistor

  • Race: Zerg Zerg
  • League: Gold
  • Spawn Location: 1:00

VOD

Have the link to the VOD?

Description

Time

  • Played on: March 9, 2019, 4:08 p.m.
  • Length: 17:39
Show
View Real Time Build Order
Export as new Build Order

Hooked Protoss - Winner!

Build Orders:  

Get SALT Encoding   

  12  0:06  Probe  
  13  0:14  Pylon  
  13  0:16  Probe  
  14  0:24  Probe  
  15  0:32  Assimilator  
  15  0:46  Probe  
  16  0:55  Gateway, Probe  
  16  1:03  Probe  
  18  1:12  Probe  
  18  1:13  Assimilator  
  18  1:15  Pylon  
  19  1:30  Gateway  
  19  1:37  Probe  
  20  1:45  Cybernetics Core  
  20  1:49  Probe  
  21  1:54  Pylon  
  21  2:01  Probe  
  22  2:13  Warp Gate  
  24  2:21  Stalker  
  24  2:22  Stalker  
  25  2:34  Probe  
  26  2:46  Probe  
  27  3:09  Nexus  
  27  3:17  Robotics Facility  
  27  3:18  Probe  
  28  3:30  Sentry, Stalker, Probe  
  33  3:41  Probe  
  33  3:44  Pylon  
  33  3:45  Pylon  
  34  3:49  Probe  
  35  4:04  Sentry  
  37  4:12  Sentry  
  36  4:38  Probe x2  
  41  4:45  Immortal  
  41  4:46  Probe x2  
  41  4:49  Sentry  
  41  4:50  Stalker  
  47  4:55  Probe  
  47  4:57  Probe  
  49  5:21  Nexus  
  49  5:25  Twilight Council  
  49  5:28  Probe x2  
  51  5:29  Pylon  
  51  5:39  Probe  
  52  5:43  Probe  
  52  5:47  Probe  
  53  5:51  Probe  
  53  5:55  Probe  
  53  5:56  Assimilator  
  55  5:59  Assimilator  
  55  6:01  Probe  
  55  6:02  Pylon  
  57  6:06  Pylon, Sentry x2, Probe  
  62  6:13  Probe  
  63  6:24  Blink  
  63  6:25  Probe  
  64  6:28  Immortal  
  68  6:37  Probe x2  
  70  6:49  Probe  
  59  7:04  Stalker x2  
  63  7:09  Immortal  
  67  7:24  Stalker  
  69  7:39  Gateway  
  69  7:40  Gateway x2  
  69  7:43  Pylon x2  
  69  7:49  Probe  
  70  7:51  Probe x2  
  70  7:57  Assimilator  
  72  7:59  Stalker x2  
  72  8:01  Assimilator, Probe  
  72  8:03  Probe  
  78  8:09  Immortal  
  82  8:13  Probe  
  82  8:15  Charge, Probe  
  84  8:25  Sentry x2, Probe  
  89  8:37  Probe  
  90  8:42  Robotics Bay  
  90  8:50  Forge  
  90  8:52  Forge  
  90  8:55  Forge  
  90  8:56  Stalker  
  90  8:58  Stalker  
  94  9:05  Zealot x3  
  100  9:25  Stargate  
  100  9:27  Stargate  
  100  9:28  Pylon  
  100  9:31  Photon Cannon  
  100  9:36  Probe x2  
  100  9:37  Photon Cannon  
  102  9:40  Probe  
  102  9:42  Photon Cannon  
  102  9:45  Probe  
  103  9:48  Probe x2  
  106  9:53  Probe  
  106  9:56  Probe  
  106  9:58  Extended Thermal Lance  
  107  10:00  Probe  
  107  10:02  Probe  
  107  10:06  Robotics Facility  
  110  10:08  Pylon, Probe  
  110  10:10  Pylon  
  110  10:12  Probe  
  110  10:13  Photon Cannon  
  112  10:28  Nexus  
  112  10:29  Colossus  
  118  10:37  Probe x3  
  121  10:48  Void Ray x2  
  121  10:49  Probe x3  
  132  11:01  Probe x2  
  120  11:30  Stalker x2  
  120  11:31  Stalker x3  
  112  11:39  Void Ray x2  
  100  11:40  Colossus x2  
  116  11:56  Probe x3  
  116  11:59  Assimilator  
  119  12:03  Sentry x3, Assimilator  
  119  12:04  Sentry x2  
  119  12:07  Pylon  
  119  12:08  Probe x2  
  131  12:10  Pylon  
  131  12:14  Phoenix x2  
  131  12:15  Pylon  
  131  12:18  Protoss Ground Armor Level 1, Protoss Shields Level 1, Protoss Ground Weapons Level 1  
  135  12:38  Phoenix  
  135  12:39  Phoenix  
  135  12:42  Probe x3  
  142  13:01  Colossus x2  
  142  13:05  Nexus  
  154  13:06  Gravitic Boosters  
  154  13:10  Nexus  
  154  13:16  Zealot x2  
  154  13:17  Zealot x3  
  164  13:22  Oracle x2  
  170  13:28  Photon Cannon  
  170  13:31  Photon Cannon  
  170  13:34  Photon Cannon  
  170  13:36  Photon Cannon  
  170  13:43  Pylon  
  170  13:45  Pylon  
  170  13:46  Colossus x2  
  170  13:49  Void Ray  
  170  13:51  Void Ray  
  190  14:06  Sentry x5  
  178  14:32  Void Ray  
  178  14:33  Stalker x2  
  178  14:34  Stalker x3  
  190  14:47  Protoss Ground Weapons Level 2, Protoss Ground Armor Level 2  
  190  14:48  Protoss Shields Level 2  
  188  15:03  Colossus x2  
Show
View Real Time Build Order
Export as new Build Order

Mistor Zerg 

Build Orders: Pool First 

Get SALT Encoding   

  12  0:01  Drone  
  13  0:10  Drone  
  14  0:21  Overlord  
  14  0:36  Spawning Pool  
  14  0:42  Drone, Extractor  
  13  0:50  Drone x2  
  15  0:57  Overlord  
  15  1:11  Drone  
  16  1:18  Overlord  
  16  1:23  Queen  
  18  1:28  Drone  
  19  1:40  Drone  
  20  1:48  Metabolic Boost  
  20  1:51  Drone  
  21  1:58  Overlord  
  21  2:04  Extractor  
  21  2:07  Roach Warren  
  19  2:09  Drone  
  20  2:25  Zergling x2  
  21  2:36  Hatchery  
  20  2:48  Drone  
  20  2:49  Drone  
  20  2:51  Drone  
  23  2:52  Drone  
  24  3:07  Lair  
  24  3:22  Zergling x4  
  24  3:23  Zergling x4  
  28  3:58  Roach x3  
  28  3:59  Roach x2  
  38  4:05  Drone x2  
  38  4:08  Queen  
  42  4:11  Drone  
  39  4:37  Drone x4  
  42  4:40  Roach  
  44  4:47  Overlord  
  44  4:51  Glial Reconstitution  
  44  4:57  Overlord x2  
  44  5:12  Drone  
  44  5:13  Roach  
  44  5:14  Roach x2  
  51  5:16  Roach x2  
  55  5:21  Roach  
  55  5:22  Roach  
  55  5:23  Roach  
  55  5:27  Roach  
  63  5:31  Roach  
  65  5:38  Drone x3  
  68  5:49  Overlord  
  68  5:54  Overlord  
  68  6:08  Ravager  
  68  6:10  Ravager  
  68  6:11  Ravager  
  71  6:15  Roach x3  
  77  6:19  Roach x3  
  77  6:20  Zergling x2  
  77  6:22  Overlord  
  77  6:24  Overlord x2  
  42  7:32  Zergling x4  
  42  7:33  Zergling x2  
  45  7:39  Zergling x10  
  45  7:40  Zergling x4  
  52  7:46  Hatchery  
  52  7:51  Drone  
  52  7:54  Spine Crawler x2  
  50  8:01  Infestation Pit  
  50  8:04  Hydralisk Den  
  50  8:05  Drone x3  
  51  8:15  Extractor  
  51  8:16  Drone  
  51  8:17  Drone x2, Extractor  
  52  8:24  Roach x2  
  52  8:25  Roach  
  60  8:27  Roach x3  
  60  8:30  Queen  
  60  8:32  Queen  
  68  8:46  Drone, Hatchery  
  68  8:48  Drone x2  
  68  8:49  Drone  
  68  8:52  Drone  
  68  8:53  Pathogen Glands  
  72  8:58  Drone x3  
  72  9:01  Roach  
  77  9:10  Queen  
  77  9:14  Hydralisk  
  77  9:17  Hydralisk x3  
  81  9:20  Grooved Spines  
  87  10:03  Hydralisk  
  87  10:04  Hydralisk x9  
  107  10:16  Roach x2  
  111  10:29  Drone  
  111  10:32  Drone x2  
  111  10:33  Drone x6  
  111  10:34  Overlord x2  
  111  10:35  Overlord  
  120  10:43  Overlord x2  
  120  10:53  Muscular Augments  
  120  11:00  Overlord  
  120  11:01  Overlord x2  
  120  11:07  Hive  
  80  11:46  Roach x6  
  80  11:47  Roach  
  72  11:54  Roach  
  72  11:55  Roach x4  
  72  11:59  Hydralisk x3  
  72  12:00  Hydralisk x4  
  72  12:01  Hydralisk x5  
  107  12:08  Drone  
  107  12:09  Drone  
  108  12:29  Adrenal Glands  
  108  12:37  Hatchery  
  107  12:48  Queen  
  110  12:51  Zergling x4  
  110  12:52  Zergling x18  
  120  13:00  Drone x3  
  120  13:01  Overlord x2  
  123  13:13  Queen  
  123  13:15  Drone x3  
  128  13:35  Hydralisk x6  
  140  13:54  Roach x2  
  140  13:55  Roach x4  
  152  13:56  Roach  
  95  14:37  Hydralisk x3  
  95  14:38  Hydralisk x5  
  85  14:54  Hydralisk  
  85  14:55  Hydralisk x4  
  95  15:05  Hydralisk x2  
  95  15:06  Hydralisk x7  
  113  15:17  Hydralisk  
  113  15:18  Hydralisk x5  
  60  15:47  Zergling x2  
  60  15:48  Zergling x8  
  52  15:50  Zergling x8  
  52  15:51  Zergling x4  
  52  15:54  Zergling x2  
  52  15:55  Zergling x8  
  59  15:57  Hydralisk  
  59  15:58  Hydralisk x4  
  39  16:31  Hydralisk x4  
  39  16:32  Hydralisk x2  
  41  16:34  Zergling x2  
  41  16:35  Zergling x2  
  41  16:39  Zergling x2  
  44  16:40  Zergling x4  
  46  16:49  Zergling x2  
  44  16:54  Zergling x2  
  44  16:59  Zergling x2  
  44  17:00  Zergling x6  
  34  17:09  Drone  
  28  17:27  Hatchery  
  20  17:34  Hatchery  
Tags
 
League
Gold
Matchup
PvZ
Opening
Pool First
Spawn Locations
Close Positions
Add a new tag
Caveats
  • Supply blocks, unpowered buildings, or Contaminate may cause inaccurate times.
  • Supply counts are checked every 10 seconds.